 Dungeon Crawl Stone Soup version 0.19-a0-1905-ge8b2aad (webtiles) character file.

675239 Jorund the Heavyweight Champion (level 27, -6/263 HPs)
             Began as a Troll Berserker on Oct 20, 2016.
             Was the Champion of Trog.
             Mangled by an Orb Guardian (49 damage)
             ... on level 5 of the Realm of Zot on Oct 21, 2016.
             The game lasted 03:39:46 (61743 turns).

Jorund the Heavyweight Champion (Troll Berserker)  Turns: 61743, Time: 03:39:46

Health: -6/263     AC: 37    Str: 46    XL:     27
Magic:  23/23      EV: 17    Int:  6    God:    Trog [******]
Gold:   5661       SH: 32    Dex: 21    Spells: 0 memorised, 26 levels left

rFire  + . .     SeeInvis +       - Unarmed
rCold  + + +     Gourm    +     R - +2 gold dragon scales
rNeg   + . .     Faith    .     T - +5 large shield {reflect}
rPois  +         Spirit   .     Z - +2 hat
rElec  +         Reflect  +     V - +2 cloak {rC+}
rCorr  .         Harm     .     (gloves unavailable)
MR     +++++     Clarity  +     (boots unavailable)
Stlth  ..........               N - amulet of the Four Winds {rN+ MR+++ Clar}
                                H - ring "Zuekhan" {rElec rC+ Str+4 Dex+4 Stlth+}
                                k - ring of see invisible

@: mighty, silence, very slightly contaminated, hasted, very quick
A: unfitting armour, antennae 1, claws 3, thin metallic scales 1, thin skeletal
structure 1, clever 1, fast metabolism 3, gourmand, sense surroundings 1,
regeneration 1, shaggy fur 1, strong 1, tough skin 2, subdued magic 1,
MP-powered wands
a: Renounce Religion
}: 3/15 runes: serpentine, barnacled, silver


You were on level 5 of the Realm of Zot.
You worshipped Trog.
Trog was exalted by your worship.
You were very full.

You visited 10 branches of the dungeon, and saw 52 of its levels.
You also visited: Labyrinth, Sewer, Ossuary, Ice Cave and Volcano.

You collected 8384 gold pieces.
You spent 2723 gold pieces at shops.

Inventory:

Hand Weapons
 l - a +9 antimagic executioner's axe
Missiles
 W - 174 large rocks (quivered)
Armour
 t - the +3 shield of the Fisher {*Contam rF+ rN+ Dex+4}
   (You took it off Asterion on level 3 of the Vaults)

   It affects your dexterity (+4).
   It protects you from fire.
   It protects you from negative energy.
   It causes magical contamination when unequipped.
 M - the +4 faerie dragon scales {rF+ Slay+3}
   (You took it off the Enchantress on level 4 of the Depths)

   It affects your accuracy and damage with ranged weapons and melee attacks
   (+3).
   It protects you from fire.
 R - +2 gold dragon scales (worn)
 T - a +5 large shield of reflection (worn)
 V - a +2 cloak of cold resistance (worn)
 Z - a +2 hat (worn)
Jewellery
 e - an uncursed ring of resist corrosion
 k - a ring of see invisible (left claw)
 B - the amulet of Luogej {Reflect Str+3 SH+3}
   (You found it on level 1 of the Depths)

   [amulet of reflection]

   It shields you and reflects attacks.
   It affects your strength (+3).
   It affects your SH (+3).
 G - an uncursed ring of poison resistance
 H - the ring "Zuekhan" (right claw) {rElec rC+ Str+4 Dex+4 Stlth+}
   (You took it off a vampire mage on level 3 of the Crypt)

   [ring of dexterity]

   It affects your strength (+4).
   It affects your dexterity (+4).
   It protects you from cold.
   It insulates you from electricity.
   It makes you more stealthy.
 I - an uncursed ring of positive energy
 N - the amulet of the Four Winds (around neck) {rN+ MR+++ Clar}
   (You found it on level 2 of the Orcish Mines)

   [amulet of nothing]

   It protects you from negative energy.
   It affects your resistance to hostile enchantments.
   It protects you against confusion.
 Q - the ring "Wopoatu" {Fire Str+3 Slay+5}
   (You bought it in a shop on level 5 of the Depths)

   [ring of fire]

   It enhances your fire magic.
   It affects your strength (+3).
   It affects your accuracy and damage with ranged weapons and melee attacks
   (+5).
   It protects you from fire.
   It makes you vulnerable to cold.
Wands
 a - a wand of teleportation (7/9)
 i - a wand of disintegration (1/24)
 O - a wand of heal wounds (5/9)
 Y - a wand of heal wounds (5/9)
Scrolls
 d - 10 scrolls of recharging
 g - a scroll of summoning
 h - 27 scrolls of remove curse
 p - 16 scrolls of fog
 r - 6 scrolls of fear
 u - a scroll of silence
 y - a scroll of enchant weapon
 D - 19 scrolls of identify
 F - 2 scrolls of magic mapping
 J - 5 scrolls of blinking
 P - 12 scrolls of teleportation
 U - a scroll of holy word
Potions
 j - 23 potions of curing
 m - 7 potions of agility
 n - 8 potions of brilliance
 o - 10 potions of heal wounds
 q - 4 potions of resistance
 s - 3 potions of might
 v - 9 potions of cancellation
 x - 9 potions of flight
 z - a potion of cure mutation
 E - 2 potions of magic
 L - 4 potions of ambrosia
 X - 2 potions of haste
Comestibles
 b - 25 bread rations
 c - 26 meat rations
 f - 66 fruits
 w - 2 beef jerkies
 A - 3 royal jellies
 K - 5 slices of pizza


   Skills:
 * Level 13.9 Fighting
 - Level 3.1 Throwing
 + Level 22.5 Armour
 - Level 14.4 Dodging
 - Level 18.3 Shields
 O Level 27 Unarmed Combat
 - Level 1.5 Evocations


You had 26 spell levels left.
You didn't know any spells.

Dungeon Overview and Level Annotations

Branches:
Dungeon (15/15)            Temple (0/1) D:6            Lair (6/6) D:8
 Shoals (4/4) Lair:3        Snake (4/4) Lair:3        Slime (0/5) Lair:5
    Orc (2/2) D:9             Elf (3/3) Orc:2        Vaults (5/5) D:13
  Crypt (3/3) Vaults:2       Tomb (0/3) Crypt:3      Depths (5/5) D:15
    Zot (5/5) Depths:5

Altars:
Ashenzari
Fedhas
Kikubaaqudgha
Makhleb
Nemelex Xobeh
Sif Muna
Uskayaw
Xom
Yredelemnul
Beogh
Jiyva

Shops:
D:4 *   D:8 (   D:10 !   D:12 %   Orc:2 ![(=   Elf:1 (   Elf:3 [*:   Shoals:4 :
Snake:2 !   Snake:3 %   Depths:5 =(*

Portals:
Hell: Depths:1 Depths:2 Depths:3 Depths:4 Depths:5
Abyss: Depths:4
Pandemonium: Depths:3 Depths:4
Ziggurat: Depths:3

Annotations:
Lair:5 1 runed door
Shoals:4 exclusion: oklob plant
Elf:2 3 runed doors


Innate Abilities, Weirdness & Mutations

You are too large for most types of armour.
You have claws for hands.
Your metabolism is lightning-fast.
You like to eat raw meat.
Your natural rate of healing is unusually fast.
You are covered in fur. (AC +1)
You have very tough skin. (AC +2)
You have a pair of small antennae on your head.
You are partially covered in thin metallic scales. (AC +2)
You have a somewhat thin skeletal structure. (Dex +2, Stealth)
Your mind is acute. (Int +2)
You passively map a small area around you.
Your muscles are strong. (Str +2)
Your spells are a little easier to cast, but a little less powerful.
You expend magic power (3 MP) to strengthen your wands.


Message History

The Orb Guardian hits you!!!
* * * LOW HITPOINT WARNING * * *
An eldritch tentacle comes into view.
Unknown command.
You feel much better. The Orb Guardian barely misses you.
The Orb Guardian completely misses you. You block the red draconian's attack.
You block the Orb Guardian's attack. The Orb Guardian hits you!!!
* * * LOW HITPOINT WARNING * * *
A white draconian comes into view. It is wielding a battleaxe.
Unknown command.
You feel much better. You block the Orb Guardian's attack.
The Orb Guardian hits you!!
* * * LOW HITPOINT WARNING * * *
The Orb Guardian barely misses you.
The red draconian rages.
The red draconian hits you but does no damage.
The moth of wrath goads the black draconian on!
The black draconian goes berserk!
You block the Orb Guardian's attack. The Orb Guardian hits you!!!
You die...

,,,,,*,,,,..................**
,,,,,,,,,..................▓*
,,,,,*,,,...*...............**
,,,,**,,,..w.§..............,**
,,,***,,,..(................,,*
**** *,,,.......yd..........,,*
**,,.......qXq^........,**
***.....pdXXd.........**
**▓▓....@Xdq.......▓*
#▓▓▓▓▓▓▓▓▓#▓##dp...▓▓
###..^.......,,,......#*
##....##......,,,.......**
#####...###,,.....,,,.......,**
.......##*,,,,....,,,,,...,,,,*
......## *,,,,,...,,,,,,,,,,,,*
.....(# *,,,,,,..,,,,,,,,,,,,*
.....## *,,,,,,,.,,,,,,,,,,,,*


You could see 2 Killer Klowns, an eldritch tentacle, a yellow draconian knight,
a black draconian (berserk), 2 draconians, 2 draconians, a green draconian
shifter, 4 Orb Guardians, a yellow draconian scorcher and a moth of wrath.

Vanquished Creatures
  4 ancient liches
  An orb of fire (Zot:5)
  Mara (Crypt:1)
  A juggernaut (Depths:4)
  Boris (Depths:5)
  Bai Suzhen (Shoals:4)
  Frederick (Vaults:3)
  2 curse toes
  Vashnia (Snake:3)
  Nikola (Elf:1)
  the Enchantress (Depths:4)
  11 golden dragons
  2 bone dragons
  3 electric golems
  Jorgrun (Shoals:4)
  Rupert (D:15)
  7 titans
  Asterion (Vaults:3)
  6 liches
  13 tentacled monstrosities
  6 Orb Guardians (Zot:5)
  8 quicksilver dragons
  2 deep elf blademasters
  2 deep elf master archers (Elf:3)
  Polyphemus (Shoals:4)
  5 ancient champions
  10 sphinxes
  9 tengu reavers
  14 storm dragons
  Agnes (D:15)
  15 death cobs
  A shadow dragon (shapeshifter) (Depths:3)
  A revenant (Crypt:1)
  11 shadow dragons
  Kirke (D:12)
  8 fire giants
  3 draconian monks
  6 iron dragons
  16 vault wardens
  3 draconian knights
  10 nagarajas
  14 frost giants
  4 deep elf sorcerers
  An azure jelly (shapeshifter) (Depths:3)
  Aizul (Snake:1)
  11 draconian zealots
  An orc warlord (Orc:2)
  6 ghost moths
  10 draconian scorchers
  6 ghouls
  A deep elf elementalist (Elf:3)
  3 war gargoyles
  3 reapers
  4 curse skulls
  11 ironheart preservers
  6 draconian callers (Zot:2)
  4 draconian annihilators
  17 very ugly things
  6 spriggan defenders
  20 stone giants
  6 green draconians
  16 vampire knights
  5 deep elf demonologists
  8 red draconians
  13 black draconians
  9 mottled draconians
  2 lorocyprocas (Depths:3)
  2 spark wasps (shapeshifter)
  12 yellow draconians
  9 white draconians
  8 spark wasps
  14 deep elf annihilators
  5 purple draconians
  21 ettins
  2 eidola
  11 jiangshi
  6 merfolk javelineers
  6 deep elf death magi
  A quicksilver dragon zombie (Crypt:2)
  3 fire dragons
  5 merfolk impalers
  20 yaktaur captains
  4 deep elf high priests
  8 ice dragons
  A crystal guardian (Vaults:4)
  A minotaur (Lab)
  Josephine (Snake:1)
  22 vault guards
  10 great orbs of eyes
  19 naga warriors
  9 ogre magi
  5 rakshasas
  9 catoblepae
  2 juggernaut simulacra (Depths:3)
  7 anacondas
  2 merfolk avatars
  5 spriggan air magi
  4 death knights
  Erica (Orc:1)
  2 anacondas (shapeshifter)
  21 dancing weapons
  7 death yaks
  A satyr (Shoals:4)
  4 deep troll shamans
  9 centaur warriors
  6 merfolk aquamancers
  2 small abominations
  17 naga sharpshooters
  A tengu warrior (Depths:4)
  9 deep troll earth magi
  11 vampire magi
  5 soul eaters
  A titan zombie (Crypt:3)
  5 orc high priests
  2 shock serpents
  A shock serpent (shapeshifter) (Vaults:3)
  14 deep elf knights
  7 spriggan berserkers
  A titan skeleton (Crypt:1)
  2 storm dragon zombies (Crypt:3)
  4 spriggans
  A sixfirhy (Depths:4)
  A storm dragon skeleton (Vaults:5)
  39 skeletal warriors
  A death drake (Depths:4)
  An iron troll (Depths:1)
  14 sea snakes
  A salamander mystic (Snake:1)
  4 shadow wraiths
  13 deep elf archers
  An anaconda zombie (Crypt:3)
  A hell knight (Depths:5)
  7 flayed ghosts
  5 wizards
  A deep troll (shapeshifter) (Vaults:5)
  18 deep trolls
  3 unseen horrors
  A glowing orange brain (shapeshifter) (D:15)
  A quicksilver dragon simulacrum (Depths:2)
  7 naga ritualists
  8 ironbrand convokers
  15 harpies
  5 glowing orange brains
  6 hill giants
  24 phantasmal warriors
  A hill giant (shapeshifter) (Depths:3)
  2 lindwurms
  16 orc knights
  3 wolf spider zombies
  The ghost of drd the Covert, a novice OpAs of Hepliaklqana (D:6)
  4 wolf spiders
  14 mana vipers
  8 necromancers
  9 fauns
  A stone giant zombie (Crypt:3)
  An iron giant skeleton (Crypt:2)
  12 oklob plants
  7 orc sorcerers
  9 cyclopes
  57 deep elf magi
  81 ugly things
  A cyclops (shapeshifter) (Vaults:1)
  A tengu skeleton (Depths:2)
  A frost giant zombie (Crypt:3)
  6 salamanders
  17 manticores
  Maurice (D:11)
  2 fire giant skeletons
  25 moths of wrath
  A hell hog skeleton (Crypt:1)
  3 elephants (Lair:6)
  2 centaur zombies
  2 shock serpent zombies
  12 naga magi
  A frost giant skeleton (Depths:2)
  10 sirens
  An ice statue (IceCv)
  3 human skeletons
  A water nymph (shapeshifter) (Vaults:5)
  26 black mambas
  A black mamba (shapeshifter) (Depths:3)
  16 vault sentinels
  2 guardian serpents
  7 water nymphs
  A dire elephant zombie (Crypt:2)
  2 molten gargoyles (Volcano)
  6 spiny frogs
  3 gargoyles
  3 rime drakes (Depths:4)
  6 komodo dragons
  A red draconian zombie (Crypt:3)
  A tormentor (Depths:4)
  56 yaktaurs
  A kobold demonologist (D:12)
  17 freezing wraiths
  A komodo dragon (shapeshifter) (Depths:4)
  An efreet (D:14)
  A black draconian zombie (Crypt:2)
  A yaktaur (shapeshifter) (Depths:3)
  2 ice devils (Depths:4)
  An iron troll zombie (Crypt:3)
  2 hellwings
  38 merfolk
  A hydra zombie (Crypt:3)
  A red devil (Depths:1)
  A harpy zombie (Crypt:3)
  9 meliai (D:14)
  2 yaktaur skeletons
  4 tengu conjurers
  6 polar bears
  9 trolls
  The ghost of veneficus the Carver, an amateur MiBe of Trog (Ossuary)
  A jumping spider (Vaults:4)
  2 polar bears (shapeshifter)
  Prince Ribbit (D:5)
  A death drake skeleton (Crypt:3)
  4 wind drakes
  2 wolf spider simulacra
  A hornet (shapeshifter) (Vaults:2)
  17 two-headed ogres
  3 bog bodies (Crypt:3)
  A two-headed ogre (shapeshifter) (Depths:3)
  17 blink frogs
  A raiju (shapeshifter) (Vaults:5)
  Grinder (D:3)
  A harpy skeleton (Crypt:3)
  12 hippogriffs
  6 hornets
  A hydra skeleton (Crypt:2)
  14 slime creatures
  An alligator zombie (Crypt:3)
  A fire giant simulacrum (Vaults:3)
  2 dream sheep (shapeshifter)
  5 air elementals
  A redback (Vaults:4)
  2 ettin zombies
  A black mamba zombie (Crypt:3)
  3 shadows
  An ettin skeleton (Crypt:2)
  9 snapping turtles
  2 fire dragon skeletons
  19 wraiths
  23 water elementals
  34 yaks
  10 wyverns
  A vampire (D:10)
  A hog (shapeshifter) (D:14)
  A human (shapeshifter) (Vaults:1)
  A spriggan (shapeshifter) (Vaults:3)
  A golden eye (shapeshifter) (D:15)
  3 hogs (D:12)
  19 humans (D:13)
  4 fire elementals
  A fire bat (Volcano)
  3 hungry ghosts
  A yaktaur simulacrum (Vaults:2)
  5 vampire mosquitoes
  A catoblepas simulacrum (Crypt:3)
  A basilisk (Lair:1)
  9 wargs
  A hill giant skeleton (Crypt:3)
  56 nagas
  A human simulacrum (Vaults:1)
  A naga (shapeshifter) (Elf:2)
  A soldier ant (shapeshifter) (Depths:5)
  A floating eye (shapeshifter) (Vaults:5)
  10 porcupines
  13 water moccasins
  2 floating eyes
  60 orc warriors
  Purgy (Sewer)
  11 ice beasts
  A snapping turtle zombie (Crypt:3)
  An ettin simulacrum (Vaults:3)
  4 swamp drakes (Depths:4)
  2 black bears
  A sky beast (D:8)
  A swamp dragon zombie (Crypt:3)
  A black bear (shapeshifter) (Vaults:3)
  An elephant zombie (Crypt:3)
  A tengu (shapeshifter) (Vaults:5)
  44 ogres
  4 necrophages
  An ogre (shapeshifter) (Vaults:5)
  11 boggarts
  11 wolves
  15 centaurs
  12 crocodiles
  3 big kobolds
  A wyvern zombie (D:13)
  An earth elemental (Elf:2)
  16 bullfrogs
  A merfolk simulacrum (Crypt:3)
  A wyvern skeleton (D:12)
  A glowing shapeshifter simulacrum (Vaults:5)
  A water moccasin skeleton (D:9)
  2 spriggan zombies
  An orc simulacrum (Vaults:2)
  2 scorpions (D:13)
  13 killer bees
  3 electric eels
  7 wights
  4 howler monkeys
  4 lava snakes (Volcano)
  12 crimson imps
  34 orc priests
  A bullfrog zombie (D:11)
  5 jellies
  A quasit (D:15)
  5 draconian simulacra (IceCv)
  7 hounds
  8 centaur skeletons
  3 bullfrog skeletons
  A gnoll shaman (D:7)
  A demonspawn skeleton (Crypt:3)
  4 iguanas
  30 orc wizards
  11 worker ants
  6 troll simulacra (IceCv)
  4 spriggan simulacra (IceCv)
  3 wolf simulacra (IceCv)
  A centaur simulacrum (IceCv)
  A deep dwarf zombie (Crypt:3)
  A bullfrog simulacrum (D:12)
  A hound zombie (D:11)
  4 hound skeletons
  8 mummies (Ossuary)
  A scorpion zombie (Crypt:3)
  16 adders
  17 gnolls
  3 ogre simulacra (IceCv)
  A naga simulacrum (IceCv)
  2 shadow imps
  A swamp drake skeleton (Crypt:2)
  27 white imps
  An ufetubus (D:12)
  2 oozes
  A worm zombie (Crypt:1)
  An adder skeleton (D:7)
  2 worms
  3 dart slugs
  12 leopard geckos
  140 orcs
  10 bats
  6 giant cockroaches
  2 gnoll zombies
  5 hobgoblins
  11 jackals
  21 kobolds
  10 quokkas
  6 ball pythons
  8 frilled lizards
  A frilled lizard skeleton (Crypt:2)
  3 goblins
  A goblin skeleton (Crypt:2)
  4 hobgoblin zombies
  A kobold skeleton (Crypt:1)
  2 kobold zombies (Ossuary)
  A leopard gecko zombie (D:7)
  2 orc zombies (Ossuary)
  A quokka skeleton (D:6)
  13 rats
  8 bushes (Zot:1)
  5 fungi
  7 plants
2564 creatures vanquished.

Vanquished Creatures (collateral kills)
  A juggernaut (Depths:5)
  Saint Roka (Elf:2)
  A quicksilver dragon (Vaults:5)
  2 tengu reavers (Vaults:5)
  A nagaraja (Snake:4)
  A draconian shifter (Zot:2)
  2 very ugly things (Vaults:5)
  An entropy weaver (Vaults:4)
  A stone giant (Depths:5)
  2 red draconians
  A mottled draconian (Zot:2)
  2 yellow draconians
  A spark wasp (Depths:5)
  A merfolk javelineer (Shoals:4)
  2 merfolk impalers (Shoals:4)
  An ettin (Vaults:5)
  2 yaktaur captains (Depths:5)
  10 vault guards (Vaults:5)
  A great orb of eyes (Vaults:5)
  A naga warrior (Snake:4)
  A spriggan air mage (Depths:5)
  An alligator snapping turtle (Shoals:4)
  A deep troll earth mage (Vaults:4)
  3 merfolk aquamancers (Shoals:4)
  A deep troll shaman (Depths:5)
  A tengu warrior (Depths:5)
  2 spriggan berserkers (Depths:5)
  A naga sharpshooter (Snake:4)
  An iron troll (Depths:5)
  2 spriggans (Depths:5)
  2 deep trolls (Depths:5)
  A necromancer (Depths:2)
  An ugly thing (Depths:5)
  A deep elf mage (Vaults:5)
  A manticore (Shoals:4)
  A black mamba (Snake:4)
  2 moths of wrath
  A guardian serpent (Snake:4)
  3 naga magi
  A vault sentinel (Vaults:5)
  5 yaktaurs
  3 hornets
  A merfolk (Shoals:4)
  2 water elementals (Shoals:4)
  8 nagas (Snake:4)
  An orc priest (Vaults:5)
  2 orcs
85 creatures vanquished.

Vanquished Creatures (others)
  A deep elf master archer (Depths:3)
  A ghost moth (Zot:4)
  A curse skull (Crypt:2)
  A stone giant (Vaults:5)
  4 yaktaur captains
  A cyclops (Vaults:2)
  A deep elf mage (Vaults:3)
  5 yaktaurs
  An ogre (Vaults:2)
  An orc (Elf:2)
  A bush (Zot:1)
  12 fungi
  20 plants
  7 tentacles (Shoals:1)
57 creatures vanquished.

Grand Total: 2706 creatures vanquished

Notes
Turn   | Place    | Note
-------+----------+-------------------------------------------
     0 | D:1      | Jorund the Troll Berserker began the quest for the Orb.
     0 | D:1      | Reached XP level 1. HP: 22/22 MP: 0/0
   114 | D:1      | Reached XP level 2. HP: 29/29 MP: 1/1
   665 | D:2      | Reached XP level 3. HP: 24/37 MP: 2/2
   670 | D:2      | Reached ** piety under Trog
   944 | D:2      | Reached skill level 4 in Unarmed Combat
  1098 | D:2      | Found a deep blue altar of Sif Muna.
  1103 | D:2      | Reached XP level 4. HP: 44/45 MP: 3/3
  1767 | D:3      | Noticed Grinder
  1770 | D:3      | Paralysed by Grinder for 6 turns
  1787 | D:3      | Killed Grinder
  1787 | D:3      | Reached skill level 6 in Unarmed Combat
  1787 | D:3      | Reached XP level 5. HP: 38/53 MP: 4/4
  1787 | D:3      | Reached XP level 6. HP: 44/61 MP: 5/5
  2025 | D:3      | Reached *** piety under Trog
  2506 | D:4      | Reached skill level 7 in Unarmed Combat
  2676 | D:4      | Reached XP level 7. HP: 64/68 MP: 6/6
  2863 | D:4      | Reached **** piety under Trog
  2954 | D:4      | Found a sand-covered staircase.
  2962 | Ossuary  | Entered an ossuary
  2974 | Ossuary  | Reached skill level 8 in Unarmed Combat
  2987 | Ossuary  | Noticed veneficus's ghost (amateur MiBe)
  3001 | Ossuary  | Killed veneficus's ghost
  3024 | Ossuary  | Received a gift from Trog
  3024 | Ossuary  | Reached skill level 9 in Unarmed Combat
  3031 | Ossuary  | Reached XP level 8. HP: 45/78 MP: 7/7
  3260 | D:4      | Found Fiotuts's General Store.
  3263 | D:4      | Bought a scroll of identify for 24 gold pieces
  3547 | D:5      | Entered Level 5 of the Dungeon
  4074 | D:5      | Found a shimmering altar of Xom.
  4087 | D:5      | Noticed Prince Ribbit
  4096 | D:5      | Killed Prince Ribbit
  4154 | D:5      | Reached skill level 10 in Unarmed Combat
  4460 | D:6      | Found a glowing drain.
  4480 | Sewer    | Entered a sewer
  4558 | Sewer    | Noticed Purgy
  4565 | Sewer    | Killed Purgy
  4566 | Sewer    | Reached ***** piety under Trog
  4674 | D:6      | Noticed drd's ghost (novice OpAs)
  4684 | D:6      | Killed drd's ghost
  4684 | D:6      | Reached skill level 11 in Unarmed Combat
  4684 | D:6      | Reached XP level 9. HP: 85/85 MP: 8/8
  5048 | D:6      | Found a staircase to the Ecumenical Temple.
  5210 | D:7      | Received a gift from Trog
  5329 | D:7      | Found a hide-covered altar of Uskayaw.
  5721 | D:7      | Gained mutation: You have a somewhat thin skeletal structure. (Dex +2, Stealth) [potion of mutation]
  5721 | D:7      | Gained mutation: You expend magic power (3 MP) to strengthen your wands. [potion of mutation]
  5721 | D:7      | Gained mutation: Your mind is acute. (Int +2) [potion of mutation]
  5722 | D:7      | Gained mutation: You have a pair of small antennae on your head. [potion of mutation]
  5722 | D:7      | Gained mutation: Your spells are a little easier to cast, but a little less powerful. [potion of mutation]
  5722 | D:7      | Gained mutation: Your muscles are strong. (Str +2) [potion of mutation]
  5725 | D:7      | Upgraded the game from 0.19-a0-1899-g2d93087 to 0.19-a0-1905-ge8b2aad
  5737 | D:8      | Found a staircase to the Lair.
  5759 | D:8      | Reached skill level 12 in Unarmed Combat
  5783 | D:8      | Found Seamec's Antique Weapon Emporium.
  6068 | D:8      | Found a basalt altar of Yredelemnul.
  6305 | D:9      | Reached XP level 10. HP: 94/94 MP: 9/9
  6518 | D:9      | Reached skill level 5 in Dodging
  6768 | D:9      | Reached skill level 13 in Unarmed Combat
  6853 | D:9      | Received a gift from Trog
  7150 | D:9      | Found a staircase to the Orcish Mines.
  7204 | D:10     | Entered Level 10 of the Dungeon
  7256 | D:10     | Found Buimethri's Distillery.
  7264 | D:10     | Bought a potion of heal wounds for 55 gold pieces
  7264 | D:10     | Bought a potion of heal wounds for 55 gold pieces
  7275 | D:10     | Reached skill level 5 in Fighting
  7440 | D:10     | Noticed a gargoyle
  7445 | D:10     | Killed a gargoyle
  7509 | D:10     | Noticed a hill giant
  7514 | D:10     | Killed a hill giant
  8004 | Lair:1   | Entered Level 1 of the Lair of Beasts
  8082 | Lair:1   | Reached skill level 14 in Unarmed Combat
  8269 | Lair:1   | Noticed a spiny frog
  8289 | Lair:1   | Killed a spiny frog
  8292 | Lair:1   | Reached XP level 11. HP: 102/102 MP: 10/10
  9013 | Lair:2   | Noticed a five-headed hydra
  9080 | Lair:2   | Found a labyrinth entrance.
  9088 | Lab      | Entered a labyrinth
  9558 | Lab      | Noticed a minotaur
  9565 | Lab      | Killed a minotaur
  9565 | Lab      | Reached skill level 15 in Unarmed Combat
  9584 | Lab      | Got a brightly glowing quick blade
  9945 | Lair:2   | Identified the +3 quick blade of Arrival {holy, *Slow MR+ Int+3} (You found it in a labyrinth)
 10653 | Lair:3   | Found a staircase to the Shoals.
 10796 | Lair:3   | Found a staircase to the Snake Pit.
 11070 | Lair:4   | Reached skill level 16 in Unarmed Combat
 11107 | Lair:4   | Reached XP level 12. HP: 56/113 MP: 11/11
 11430 | Lair:4   | Found a frozen archway.
 11515 | IceCv    | Entered an ice cave
 11815 | IceCv    | Reached ****** piety under Trog
 11835 | IceCv    | Reached skill level 17 in Unarmed Combat
 11859 | IceCv    | Found an ancient bone altar of Kikubaaqudgha.
 11867 | IceCv    | Received a gift from Trog
 12158 | IceCv    | Identified a scroll of acquirement
 12342 | IceCv    | Received a gift from Trog
 12496 | IceCv    | Identified a +4 rod of inaccuracy (9/9) (You found it in a labyrinth)
 12861 | Lair:4   | Noticed a catoblepas
 12873 | Lair:4   | Killed a catoblepas
 13210 | Lair:5   | Found a runed door.
 13210 | Lair:5   | Found a viscous altar of Jiyva.
 13210 | Lair:5   | Found a staircase to the Slime Pits.
 13210 | Lair:5   | Noticed an azure jelly
 13918 | Lair:6   | Entered Level 6 of the Lair of Beasts
 14074 | Lair:6   | Reached XP level 13. HP: 96/120 MP: 12/12
 14411 | Lair:6   | Received a gift from Trog
 14447 | Lair:6   | Reached skill level 18 in Unarmed Combat
 15154 | D:11     | Noticed Maurice
 15160 | D:11     | Killed Maurice
 15799 | D:12     | Received a gift from Trog
 15931 | D:12     | Found a blossoming altar of Fedhas.
 16007 | D:12     | Reached skill level 19 in Unarmed Combat
 16107 | D:12     | Noticed Kirke
 16122 | D:12     | Killed Kirke
 16309 | D:12     | Got a pitted buckler
 16441 | D:12     | Found Qeytor's Food Shoppe.
 16504 | D:12     | Gained mutation: You passively map a small area around you. [potion of beneficial mutation]
 16752 | D:11     | Received a gift from Trog
 16854 | Orc:1    | Entered Level 1 of the Orcish Mines
 16886 | Orc:1    | Reached XP level 14. HP: 99/131 MP: 13/13
 16948 | Orc:1    | Found a dark tunnel.
 16960 | Volcano  | Entered a volcano
 17066 | Volcano  | Found a burning altar of Makhleb.
 17414 | Orc:2    | Entered Level 2 of the Orcish Mines
 17904 | Orc:2    | Reached skill level 1 in Armour
 18003 | Orc:2    | Noticed an orc warlord
 18028 | Orc:2    | Killed an orc warlord
 18028 | Orc:2    | Reached skill level 20 in Unarmed Combat
 18054 | Orc:2    | Received a gift from Trog
 18224 | Orc:2    | Found Acayfuaz's Weapon Emporium.
 18299 | Orc:2    | Found a roughly hewn altar of Beogh.
 18323 | Orc:2    | Found Cexaf's Jewellery Shoppe.
 18643 | Orc:2    | Found a staircase to the Elven Halls.
 18789 | Orc:2    | Found a roughly hewn altar of Beogh.
 18885 | Orc:2    | Found Ivoxziwoige's Armour Emporium.
 18905 | Orc:2    | Bought a +0 shield of positive energy for 136 gold pieces
 18911 | Orc:2    | Found Uraod's Distillery.
 18919 | Orc:2    | Bought a potion of resistance for 150 gold pieces
 18919 | Orc:2    | Bought a potion of haste for 150 gold pieces
 18919 | Orc:2    | Bought a potion of resistance for 150 gold pieces
 18923 | Orc:2    | Bought a potion of curing for 45 gold pieces
 19288 | Orc:1    | Noticed Erica
 19294 | Orc:1    | Killed Erica
 19477 | Orc:1    | Noticed a stone giant
 19481 | Orc:1    | Killed a stone giant
 19720 | D:12     | You fall through a shaft!
 19737 | D:13     | Received a gift from Trog
 20347 | D:13     | Reached XP level 15. HP: 129/139 MP: 14/14
 20407 | D:13     | Found a gate to the Vaults.
 20413 | D:13     | Reached skill level 5 in Armour
 20420 | D:13     | Reached skill level 21 in Unarmed Combat
 21290 | D:14     | You fall through a shaft!
 21290 | D:15     | Entered Level 15 of the Dungeon
 21404 | D:15     | Noticed Rupert
 21412 | D:15     | Killed Rupert
 21412 | D:15     | Received a gift from Trog
 21629 | D:15     | Found a staircase to the Depths.
 21791 | D:15     | Noticed Agnes
 21799 | D:15     | Killed Agnes
 21878 | D:15     | Found a burning altar of Makhleb.
 22095 | D:15     | Received a gift from Trog
 22303 | D:14     | Found a sparkling altar of Nemelex Xobeh.
 23077 | Orc:2    | Bought an uncursed ring of see invisible for 210 gold pieces
 23077 | Orc:2    | Bought an uncursed ring of poison resistance for 280 gold pieces
 23077 | Orc:2    | Bought a cursed ring of teleportation for 63 gold pieces
 23082 | Orc:2    | Bought an uncursed ring of protection from cold for 350 gold pieces
 23284 | Snake:1  | Entered Level 1 of the Snake Pit
 23355 | Snake:1  | Reached skill level 22 in Unarmed Combat
 23387 | Snake:1  | Noticed Josephine
 23398 | Snake:1  | Killed Josephine
 23658 | Snake:1  | Reached XP level 16. HP: 49/149 MP: 7/15
 24187 | Snake:1  | Noticed Aizul
 24198 | Snake:1  | Killed Aizul
 24387 | Snake:2  | Reached skill level 10 in Dodging
 24390 | Snake:2  | Found Maothoet's Distillery.
 24401 | Snake:2  | Bought a potion of heal wounds for 75 gold pieces
 24401 | Snake:2  | Bought a potion of haste for 150 gold pieces
 24495 | Snake:2  | Reached skill level 1 in Evocations
 24630 | Snake:2  | Received a gift from Trog
 25196 | Snake:3  | Found Zalog's Food Shop.
 25196 | Snake:3  | Found a burning altar of Makhleb.
 25944 | Snake:3  | Noticed Vashnia
 26295 | Elf:1    | Entered Level 1 of the Elven Halls
 26417 | Elf:1    | Noticed Nikola
 26428 | Elf:1    | Killed Nikola
 26428 | Elf:1    | Reached skill level 23 in Unarmed Combat
 26700 | Elf:1    | Received a gift from Trog
 26889 | Elf:1    | Noticed an Ice Fiend
 27046 | Elf:1    | Found Agoeckos's Weapon Emporium.
 27066 | Elf:1    | Identified Sif Muna's Tome of Creation
 27293 | Elf:1    | Reached XP level 17. HP: 105/156 MP: 17/17
 27784 | Elf:2    | Noticed Saint Roka
 27913 | Elf:2    | Received a gift from Trog
 28100 | Elf:2    | Found a runed gate.
 28100 | Elf:2    | Found a runed gate.
 28100 | Elf:2    | Found a runed gate.
 28254 | Elf:2    | Killed Saint Roka
 28355 | Elf:2    | Identified Tyenou's Reference Book on the Supportive Arsonist
 28592 | Elf:3    | Entered Level 3 of the Elven Halls
 28605 | Elf:3    | Found Edwai's Book Shop.
 28694 | Elf:3    | Received a gift from Trog
 28697 | Elf:3    | Got a brightly glowing shortbow {god gift}
 28767 | Elf:3    | Found Pife's Assorted Antiques.
 28984 | Elf:3    | Found Jejurch Yczoi's Antique Armour Boutique.
 29310 | Elf:3    | Noticed a deep elf master archer
 29328 | Elf:3    | Reached skill level 24 in Unarmed Combat
 29342 | Elf:3    | Noticed a deep elf blademaster
 29344 | Elf:3    | Killed a deep elf blademaster
 29355 | Elf:3    | Killed a deep elf master archer
 29698 | Elf:3    | Noticed a deep elf master archer
 29705 | Elf:3    | Killed a deep elf master archer
 29782 | Elf:3    | Reached XP level 18. HP: 102/167 MP: 10/18
 29838 | Elf:3    | Received a gift from Trog
 29951 | Elf:3    | Got a silken robe
 29952 | Elf:3    | Identified the +2 robe of Hadjma {rF++ rCorr} (You took it off a deep elf annihilator on level 3 of the Elven Halls)
 30422 | Shoals:1 | Entered Level 1 of the Shoals
 30501 | Shoals:1 | Reached skill level 1 in Throwing
 30507 | Shoals:1 | Reached skill level 10 in Armour
 32621 | Shoals:3 | Reached XP level 19. HP: 115/175 MP: 19/19
 32995 | Shoals:3 | Reached skill level 25 in Unarmed Combat
 33360 | Shoals:4 | Entered Level 4 of the Shoals
 33360 | Shoals:4 | Noticed Jorgrun
 33375 | Shoals:4 | Killed Jorgrun
 33905 | Shoals:4 | Noticed Bai Suzhen
 33914 | Shoals:4 | Noticed Polyphemus
 33915 | Shoals:4 | Killed Bai Suzhen
 33928 | Shoals:4 | Killed Polyphemus
 34242 | Shoals:4 | Found Etocsaph's Book Shop.
 34319 | Shoals:4 | Received a gift from Trog
 34600 | Shoals:4 | Reached XP level 20. HP: 124/187 MP: 20/20
 34895 | Shoals:4 | Identified Okatuiss's Handbook of Creative Transmutation
 35133 | Shoals:4 | Got a barnacled rune of Zot
 35901 | Snake:3  | Killed Vashnia
 35901 | Snake:3  | Reached skill level 5 in Shields
 35911 | Snake:3  | Received a gift from Trog
 36086 | Snake:4  | Entered Level 4 of the Snake Pit
 37059 | Snake:4  | Received a gift from Trog
 37573 | Snake:4  | Got a serpentine rune of Zot
 37691 | Snake:2  | You fall through a shaft!
 38100 | Vaults:1 | Entered Level 1 of the Vaults
 38309 | Vaults:1 | Reached skill level 10 in Shields
 38315 | Vaults:1 | Received a gift from Trog
 39084 | Vaults:1 | Reached XP level 21. HP: 177/195 MP: 21/21
 39089 | Vaults:1 | Received a gift from Trog
 39457 | Vaults:2 | Found a staircase to the Crypt.
 40725 | Vaults:3 | Noticed Asterion
 40743 | Vaults:3 | Killed Asterion
 40749 | Vaults:3 | Received a gift from Trog
 41533 | Vaults:3 | Received a gift from Trog
 41623 | Vaults:3 | Noticed Frederick
 41646 | Vaults:3 | Killed Frederick
 41838 | Vaults:3 | Reached skill level 15 in Shields
 42172 | Vaults:4 | Reached XP level 22. HP: 161/204 MP: 22/22
 42632 | Vaults:4 | Received a gift from Trog
 43559 | Crypt:1  | Entered Level 1 of the Crypt
 43571 | Crypt:1  | Noticed Mara
 43581 | Crypt:1  | Noticed Jorund's illusion
 43582 | Crypt:1  | Killed Mara
 43583 | Crypt:1  | Received a gift from Trog
 43925 | Crypt:1  | Received a gift from Trog
 44011 | Crypt:1  | Reached skill level 26 in Unarmed Combat
 44073 | Crypt:1  | Received a gift from Trog
 44904 | Crypt:3  | Entered Level 3 of the Crypt
 45318 | Crypt:3  | Received a gift from Trog
 45634 | Crypt:3  | Received a gift from Trog
 45783 | Crypt:3  | Found a staircase to the Tomb.
 45843 | Crypt:3  | Reached XP level 23. HP: 187/210 MP: 23/23
 46199 | Crypt:3  | Found an ancient bone altar of Kikubaaqudgha.
 46332 | Crypt:3  | Identified the Almanac of the Inquisitive Moons
 46408 | Crypt:3  | Got a smoking bone ring
 46409 | Crypt:3  | Identified the ring "Zuekhan" {rElec rC+ Str+4 Dex+4 Stlth+} (You took it off a vampire mage on level 3 of the Crypt)
 46452 | Crypt:3  | Received a gift from Trog
 46475 | Crypt:3  | Reached skill level 27 in Unarmed Combat
 47092 | Depths:1 | Entered Level 1 of the Depths
 47107 | Depths:1 | Got a warped copper amulet
 47108 | Depths:1 | Identified the amulet of Luogej {Reflect Str+3 SH+3} (You found it on level 1 of the Depths)
 47314 | Depths:1 | Paralysed by a floating eye for 3 turns
 47359 | Depths:1 | Received a gift from Trog
 47519 | Depths:1 | Found a gateway to Hell.
 47979 | Depths:2 | Reached skill level 10 in Fighting
 48029 | Depths:2 | Received a gift from Trog
 48412 | Depths:2 | Found a shattered altar of Ashenzari.
 48638 | Depths:2 | Reached XP level 24. HP: 219/224 MP: 23/23
 49088 | Depths:3 | Found a gateway to a ziggurat.
 49212 | Depths:3 | Received a gift from Trog
 49471 | Depths:3 | Received a gift from Trog
 49574 | Depths:3 | Identified Hehas's Incunabulum of Fire and Envenoming
 49595 | Depths:3 | Found a one-way gate leading to the halls of Pandemonium.
 49715 | Depths:3 | Received a gift from Trog
 49996 | Depths:4 | Noticed a juggernaut
 50007 | Depths:4 | Killed a juggernaut
 50372 | Depths:4 | Paralysed by a floating eye for 2 turns
 50770 | Depths:4 | Found a one-way gate to the infinite horrors of the Abyss.
 51132 | Depths:4 | Noticed the Enchantress
 51137 | Depths:4 | Received a gift from Trog
 51258 | Depths:4 | Killed the Enchantress
 51288 | Depths:4 | Identified the Disquisition on Fire and Cold
 51313 | Depths:4 | Got a fine copper ring
 51314 | Depths:4 | Got faerie dragon scales
 51322 | Depths:4 | Identified the ring "Supirch" {rF+ Dex+2} (You took it off the Enchantress on level 4 of the Depths)
 51323 | Depths:4 | Identified the +4 faerie dragon scales {rF+ Slay+3} (You took it off the Enchantress on level 4 of the Depths)
 51430 | Depths:5 | Entered Level 5 of the Depths
 51533 | Depths:5 | Reached XP level 25. HP: 163/236 MP: 23/23
 51619 | Depths:5 | Received a gift from Trog
 51875 | Depths:5 | Noticed Boris
 51895 | Depths:5 | Killed Boris
 51918 | Depths:5 | Found Ocrom's Antique Weapon Boutique.
 51947 | Depths:5 | Found Qazuon's General Store.
 51972 | Depths:5 | Found Botuxaev's Jewellery Shop.
 52059 | Depths:5 | Bought the ring "Wopoatu" {Fire Str+3 Slay+5} for 830 gold pieces
 52073 | Depths:5 | Noticed a juggernaut
 52082 | Depths:5 | Killed a juggernaut
 52363 | Depths:5 | Found a gate to the Realm of Zot.
 52897 | Vaults:5 | Entered Level 5 of the Vaults
 52902 | Vaults:5 | Reached skill level 15 in Armour
 52980 | Vaults:5 | Received a gift from Trog
 53251 | Vaults:5 | Got a silver rune of Zot
 53261 | Vaults:5 | Got an ancient robe
 53262 | Vaults:5 | Identified the +1 robe "Miamnuar" {Str+4} (You found it on level 5 of the Vaults)
 53481 | Vaults:5 | Reached XP level 26. HP: 193/247 MP: 23/23
 53584 | Vaults:5 | Received a gift from Trog
 53752 | Vaults:5 | Noticed an ancient lich
 53765 | Vaults:5 | Killed an ancient lich
 54033 | Vaults:5 | Noticed an ancient lich
 54040 | Vaults:5 | Killed an ancient lich
 54474 | Vaults:5 | Got a pair of heavily runed boots
 54912 | Vaults:5 | Received a gift from Trog
 55052 | Vaults:3 | Got a faintly humming shield
 55053 | Vaults:3 | Identified the +3 shield of the Fisher {*Contam rF+ rN+ Dex+4} (You took it off Asterion on level 3 of the Vaults)
 55396 | Zot:1    | Entered Level 1 of the Realm of Zot
 56841 | Zot:2    | Received a gift from Trog
 56883 | Zot:2    | Reached XP level 27. HP: 198/257 MP: 23/23
 58789 | Zot:3    | Received a gift from Trog
 60329 | Zot:4    | Gained mutation: You are partially covered in thin metallic scales. (AC +2) [potion of beneficial mutation]
 61246 | Zot:5    | Entered Level 5 of the Realm of Zot
 61349 | Zot:5    | Received a gift from Trog
 61570 | Zot:5    | Noticed an ancient lich
 61576 | Zot:5    | Killed an ancient lich
 61710 | Zot:5    | Noticed an orb of fire
 61710 | Zot:5    | Noticed an ancient lich
 61716 | Zot:5    | Killed an ancient lich
 61727 | Zot:5    | Killed an orb of fire
 61743 | Zot:5    | Mangled by an Orb Guardian

Vault maps used:
D:1:      ncdulo_smallfort
D:2:      wad_woods_stonehenge, serial_forest, infiniplex_forest_lined_4_way,
          infiniplex_forest_clump_long, infiniplex_forest_clump_curved,
          infiniplex_forest_clump_medium, infiniplex_forest_clump_long,
          infiniplex_forest_clump_tiny, infiniplex_forest_clump_medium,
          infiniplex_forest_clump_C, infiniplex_forest_lined_1,
          kennysheep_path_1
D:3:      uniq_grinder
D:4:      serial_shops, nicolae_shop_trees, first_bread,
          nicolae_ossuary_entry_monument, cheibrodos_gnoll_hut
D:5:      led_xom_imps, uniq_prince_ribbit1
D:6:      gup_sewer_entry_pipe
D:7:      basic_altar
D:8:      dpeg_oklobed_lair, special_room, serial_shops, shop, basic_altar
D:9:      erik_orc_2
D:10:     serial_shops, shop
D:11:     uniq_maurice
D:12:     basic_altar, serial_ice, serial_ice_i, serial_ice_e, serial_ice_d,
          serial_ice_m, serial_ice_c, serial_ice_f, serial_ice_a, serial_ice_o,
          serial_shops, nicolae_shop_crystal, uniq_kirke
D:13:     grunt_vaults_entry_tiered, hangedman_fish_farm
D:14:     nemelex_xobeh_ov_fountains_minmay, nooodl_food_tri
D:15:     gammafunk_enter_depths_forms, lemuel_crystal_altar, uniq_rupert,
          uniq_agnes
Lair:1:   grunt_megastairs_5, serial_bayou_shore_a, lemuel_fruit_tree
Lair:2:   lab_entry_generic, nicolae_quartered_pool_little
Lair:3:   minmay_shoals_entry_beasts, guppyfry_snake_entry_island,
          lemuel_fruit_fields
Lair:4:   portal_ice_cave_entry_imps, patterned_corridor, grunt_megastairs_2,
          infiniplex_staircase_pool
Lair:5:   slime_altar_2, grunt_forest_large_clearings
Lair:6:   grunt_lair_end_beastmaster
Shoals:4: shoals_end_simple, shoal_ilsuiw, serial_shops,
          nicolae_shop_behind_doors, lemuel_oklob_altar, uniq_bai_suzhen,
          uniq_jorgrun, uniq_polyphemus
Snake:1:  uniq_aizul, uniq_josephine
Snake:2:  serial_shops, nicolae_shop_crystal, nicolae_snake_linked_coils
Snake:3:  serial_shops, shop, basic_altar, abandoned_shop, minmay_snake_pond,
          uniq_vashnia
Snake:4:  minmay_snake_end_coiled
Orc:1:    enter_volcano_2, uniq_erica
Orc:2:    pubby_orc_utopia
Elf:1:    serial_shops, shop, minmay_elf_demonology,
          roderic_lattice_octagonal_star, uniq_nikola
Elf:2:    nicolae_elf_big_sculpture_2, guppyfry_library_mini, uniq_saint_roka
Elf:3:    minmay_elf_hall_dome, serial_shops, nicolae_shop_waterfront,
          nicolae_shop_crystal, shop
Vaults:1: nicolae_vaults_bisected_slash, v_misc_14,
          ontoclasm_vaults_decontamination, vaults_room_hallway,
          nicolae_vaults_mini_display_case, hangedman_vaults_trim,
          ontoclasm_vaults_ring_square, v_pattern_5, v_misc_26
Vaults:2: vaults_dpeg_ring, vaults_mumra_minichess_inversion,
          minmay_crypt_entry_nasty_monster, nicolae_vaults_yaktaur_gun_rack,
          nicolae_vaults_little_squares_6, nicolae_vaults_diagonal_hallway_6,
          nicolae_vaults_little_squares_1, vaults_room_pool
Vaults:3: ontoclasm_vaults_idyll, st_octagons_1, vaults_standard_mumra_lines,
          v_rooms_1, v_misc_9, vaults_room_door_ring, grunt_vaults_funnel,
          ontoclasm_vaults_gateway, vaults_dpeg_cross,
          grunt_vaults_hallway_long, uniq_frederick, uniq_asterion
Vaults:4: v_misc_5, hangedman_vaults_unwind, hangedman_vaults_slither,
          ontoclasm_vaults_spin, v_misc_14, vaults_mumra_minichess,
          vaults_room_pool, v_misc_12, v_misc_16, nicolae_vaults_asterisk,
          grunt_vaults_hallway_long, grunt_vaults_diagonal, serial_glass
Vaults:5: serial_shops
Crypt:1:  uniq_mara
Crypt:3:  church_of_pain_bobbens
Depths:1: hellmouth_1, minmay_hollow_rounded_squares
Depths:2: grunt_twist_and_shout, hell_entry, ashenzari_altar_1
Depths:3: hangedman_crystal_crosses_colossus, pan_entry, hell_entry,
          serial_shops
Depths:4: gold_lair_mu, hell_entry, serial_sigils,
          serial_sigils_hangedman_scratch, serial_sigils_hangedman_gut,
          serial_sigils_hangedman_carve, serial_sigils_hangedman_clutch,
          rand_demon_pan_entry_1, abyss_entry_small_statue_room,
          infiniplex_staircase_river, uniq_enchantress
Depths:5: grunt_zot_entry_bicorn, pf_coc_iceberg, corexii_leaking_fountain,
          minmay_shop_star, uniq_boris
Zot:1:    grunt_zot_stairs_overgrown
Zot:2:    lemuel_draconian_sentries, grunt_ministairs_14,
          st_single_dragon_hoard_4
Zot:4:    nicolae_moth_party
Zot:5:    hangedman_zot_gyre
Lab:      labyrinth_mini_lab, labyrinth_skeletal_remains
Sewer:    sewer_co_purgy_island
Ossuary:  ossuary_tomb_3
IceCv:    ice_cave_small_necro
Volcano:  volcano_lake

Skill      XL: |  1  2  3  4  5  6  7  8  9 10 11 12 13 14 15 16 17 18 19 20 21 22 23 24 25 26 27 |
---------------+----------------------------------------------------------------------------------+-----
Fighting       | 3 4 5 6 7 8 9 10 11 12 13 | 13.9
Unarmed Combat | 4 6 7 9 11 12 14 16 17 19 20 22 23 24 25 26 27 | 27.0
Dodging        | 3 4 6 7 8 9 10 11 13 14 | 14.4
Armour         | 4 7 8 9 10 11 13 16 19 22 | 22.5
Evocations     | 1 |  1.5
Throwing       | 3 |  3.1
Shields        | 4 11 15 16 18 | 18.3

Action                   |  1- 3 |  4- 6 |  7- 9 | 10-12 | 13-15 | 16-18 | 19-21 | 22-24 | 25-27 || total
-------------------------+-------+-------+-------+-------+-------+-------+-------+-------+-------++-------
Melee: Unarmed           |   117 |   140 |   330 |   599 |  1240 |   975 |  1457 |  1827 |  1902 ||  8587
       Punch             |       |     2 |    14 |    54 |   165 |   125 |    51 |       |       ||   411
Throw: Javelin           |       |       |     3 |     1 |       |       |       |       |       ||     4
       Large rock        |       |       |       |       |       |     6 |       |    12 |       ||    18
Invok: Berserk           |       |     1 |     2 |     5 |    15 |     5 |     6 |     2 |     1 ||    37
       Burn Spellbooks   |       |       |       |     1 |       |       |       |       |       ||     1
       Brothers in Arms  |       |       |       |       |       |     1 |    10 |     5 |    14 ||    30
       Trog's Hand       |       |       |       |       |       |     1 |       |       |     2 ||     3
Evoke: Wand              |       |       |       |     4 |     1 |     9 |     3 |     4 |    12 ||    33
  Use: Scroll            |       |    10 |    10 |    21 |     8 |    12 |    16 |     9 |    20 ||   106
       Potion            |       |     1 |     3 |     7 |     4 |     5 |     2 |     5 |    15 ||    42
 Stab: Sleeping          |       |       |     1 |     4 |     3 |       |       |     2 |       ||    10
       Distracted        |       |       |       |     1 |       |       |     1 |     1 |     6 ||     9
       Petrified         |       |       |       |       |       |       |       |     1 |       ||     1
  Eat: Chunk             |    13 |    18 |    29 |    60 |   113 |    78 |    76 |    53 |    89 ||   529
       Bread ration      |       |       |     1 |       |       |     3 |     3 |     2 |     2 ||    11
       Fruit             |       |       |       |    10 |       |       |     2 |     2 |       ||    14
       Pizza             |       |       |       |       |       |       |     3 |     2 |       ||     5
       Meat ration       |       |       |       |       |       |       |       |     4 |       ||     4
Armor: Animal skin       |    56 |    43 |    95 |   122 |       |       |       |       |       ||   316
       Skin              |       |    10 |       |       |       |       |       |       |       ||    10
       Robe              |       |       |       |    25 |    96 |       |       |       |       ||   121
       Fire dragon scale |       |       |       |       |   282 |   378 |   335 |   180 |       ||  1175
       Gold dragon scale |       |       |       |       |       |       |       |    10 |   355 ||   365
Dodge: Dodged            |    71 |    59 |   115 |   259 |   563 |   475 |   417 |   246 |   340 ||  2545
Block: Other             |       |     2 |    30 |    56 |    79 |       |       |       |       ||   167
       Reflection        |       |       |     1 |     2 |     3 |       |    51 |    85 |    62 ||   204
       Shield            |       |       |       |       |       |       |   367 |       |       ||   367
       Large shield      |       |       |       |       |       |       |   276 |  1260 |  1554 ||  3090
